 Dungeon Crawl Stone Soup version 0.20.1-1-g8b1a95d (webtiles) character file.

317 Enish the Skirmisher (level 6, -1/55 HPs)
             Began as a Barachi Warper on Aug 6, 2017.
             Was a Follower of Nemelex Xobeh.
             Slain by a quokka (4 damage)
             ... on level 3 of the Dungeon.
             The game lasted 00:16:16 (2026 turns).

Enish the Skirmisher (Barachi Warper)               Turns: 2026, Time: 00:16:16

Health: -1/55      AC:  7    Str: 13    XL:     6   Next: 45%
Magic:  18/18      EV: 12    Int: 15    God:    Nemelex Xobeh [*.....]
Gold:   67         SH:  0    Dex: 11    Spells: 5/9 levels left

rFire    . . .     SeeInvis .   a - +0 spear
rCold    . . .     Gourm    .   (no shield)
rNeg     . . .     Faith    .   g - +3 leather armour
rPois    .         Spirit   .   j - +0 helmet
rElec    .         Reflect  .   (no cloak)
rCorr    .         Harm     .   (no gloves)
MR       .....                  (no boots)
Stlth    +.........             (no amulet)
Regen    0.2/turn               o - ring of magical power
MPRegen  0.2/turn               (no ring)

@: slow
A: +LOS, swims, slowness 1, strong legs 1
a: Hop, Renounce Religion


You were on level 3 of the Dungeon.
You worshipped Nemelex Xobeh.
Nemelex Xobeh was aware of your devotion.
You were very hungry.

You visited 1 branch of the dungeon, and saw 4 of its levels.

You collected 67 gold pieces.

Inventory:

Hand Weapons
 a - a +0 spear (weapon)
Missiles
 e - 12 poisoned needles
Armour
 b - a +0 leather armour
 g - a +3 leather armour (worn)
 j - a +0 helmet (worn)
Jewellery
 o - a ring of magical power (left hand)
 q - an uncursed ring of protection from fire {unknown}
Wands
 s - a wand of random effects (35/48)
Scrolls
 d - 2 scrolls of blinking
 i - a scroll of magic mapping
 n - 3 scrolls of remove curse
 r - a scroll of fear
 t - a scroll of identify
Potions
 l - a potion of curing
 p - a potion of flight
Books
 c - a book of Spatial Translocations

   Spells                             Type                      Level
   a - Blink                          Translocation                2
   b - Shroud of Golubria             Charms/Translocation         2
   c - Lesser Beckoning               Translocation                3
   d - Gell's Gravitas                Translocation                3
   e - Teleport Other                 Translocation                3
   f - Passage of Golubria            Translocation                4
Miscellaneous
 k - a plain deck of destruction
Comestibles
 f - 2 bread rations
 h - a meat ration


   Skills:
 - Level 7.0 Fighting
 * Level 3.7 Polearms
 - Level 1.0 Throwing
 - Level 1.2 Armour
 - Level 2.1 Dodging
 - Level 2.1 Spellcasting
 - Level 3.2 Translocations


You had 5 spell levels left.
You knew the following spells:

 Your Spells              Type           Power        Failure   Level  Hunger
a - Blink                 Tloc           N/A          11%         2    ###....
b - Shroud of Golubria    Chrm/Tloc      #.........   22%         2    ###....


Dungeon Overview and Level Annotations

Branches:
Dungeon (4/15)
 Temple: D:4-7

Altars:
Nemelex Xobeh


Innate Abilities, Weirdness & Mutations

Shadows flee at your approach. (+LOS)
You can swim through water.
You cover ground slowly.
You can hop short distances.


Message History

You are too injured to fight recklessly!
You hit the orc but do no damage. The orc closely misses you.
The quokka bites you but does no damage.
You completely miss the orc. The orc hits you with a short sword.
* * * LOW HITPOINT WARNING * * *
The quokka closely misses you.
Unknown command.
You barely miss the orc. The quokka barely misses you.
The orc closely misses you.
You hit the orc but do no damage.
The quokka bites you but does no damage.
The orc hits you with a short sword.
* * * LOW HITPOINT WARNING * * *
You hit the orc.
The orc is moderately wounded.
The quokka barely misses you. The orc hits you with a short sword.
* * * LOW HITPOINT WARNING * * *
The quokka bites you.
You die...
Your body disappears without a glow.

.... .......###........ ##
... #........####### .. ...
#........# ## .. #........#
# .. .. #.##.###.# # ##
.###......#.# # .
..#....#.#.# # #.
#)#.####...# #
#.###########@#.# #...# #
#.##.....#..or#.# #...# #
#.##.....#)...#.# #...# #
.##.##.....#)...#.####.#†#
#
#.##.##....).....#.[....#.#
#
..##.###.........########.#
#
≈.##.###..........÷.......#
#
≈.##..........#####.......#
# ...#.###÷.....# #.......#
#


You could see an orc and a quokka.

Vanquished Creatures
  The ghost of bli the Skirmisher, an amateur FoAK of Lugonu (D:3)
  An orc priest (D:3)
  Robin (D:2)
  A gnoll (D:1)
  2 adders
  3 oozes
  5 worms
  2 dart slugs
  4 orcs (D:3)
  3 giant cockroaches
  13 hobgoblins
  3 jackals (D:3)
  8 kobolds
  A ball python (D:1)
  5 bats
  5 frilled lizards
  17 goblins
  9 rats
84 creatures vanquished.

Notes
Turn   | Place    | Note
-------+----------+-------------------------------------------
     0 | D:1      | Enish the Barachi Warper began the quest for the Orb.
     0 | D:1      | Reached XP level 1. HP: 17/17 MP: 3/3
    48 | D:1      | Reached skill level 3 in Fighting
   139 | D:1      | Reached XP level 2. HP: 23/24 MP: 5/5
   248 | D:1      | Reached skill level 4 in Fighting
   248 | D:1      | Reached XP level 3. HP: 30/30 MP: 6/6
   674 | D:2      | Noticed Robin
   706 | D:2      | Reached skill level 5 in Fighting
   736 | D:1      | Reached XP level 4. HP: 21/39 MP: 7/7
   957 | D:2      | Killed Robin
  1507 | D:3      | Learned a level 2 spell: Blink
  1510 | D:3      | Learned a level 2 spell: Shroud of Golubria
  1510 | D:3      | Noticed bli's ghost (amateur FoAK)
  1543 | D:3      | Killed bli's ghost
  1543 | D:3      | Reached skill level 6 in Fighting
  1543 | D:3      | Reached XP level 5. HP: 27/47 MP: 8/8
  1543 | D:3      | Reached XP level 6. HP: 30/53 MP: 9/9
  1645 | D:3      | Reached skill level 7 in Fighting
  1676 | D:3      | Found a faded altar of an unknown god.
  1685 | D:3      | Became a worshipper of Nemelex Xobeh the Trickster
  1685 | D:3      | Received a gift from Nemelex Xobeh
  1685 | D:3      | Reached * piety under Nemelex Xobeh
  2026 | D:3      | Slain by a quokka

Skill      XL: |  1  2  3  4  5  6 |
---------------+-------------------+-----
Fighting       | 3 4 5 6 7 |  7.0
Polearms       | 3 |  3.7
Throwing       | |  1.0
Armour         | |  1.2
Dodging        | |  2.1
Spellcasting   | |  2.1
Translocations | |  3.2

Action                   |  1- 3 |  4- 6 || total
-------------------------+-------+-------++-------
Melee: Spear             |   176 |   357 ||   533
Throw: Tomahawk          |     5 |       ||     5
 Abil: Hop               |     5 |     3 ||     8
  Use: Scroll            |     4 |     1 ||     5
       Potion            |     2 |     5 ||     7
 Stab: Sleeping          |       |     2 ||     2
  Eat: Chunk             |       |     5 ||     5
Armor: Leather armour    |    45 |    98 ||   143
       Skin              |       |    16 ||    16
Dodge: Dodged            |    95 |   171 ||   266
